 Dungeon Crawl Stone Soup version 0.20-a0-949-g916514f (webtiles) character file.

662 Rrauwl the Skirmisher (level 7, -1/56 HPs)
             Began as a Demonspawn Berserker on Apr 4, 2017.
             Was a Priest of Trog.
             Slain by Pikel
             ... wielding a +2 whip of flaming
              (2 damage)
             ... on level 4 of the Dungeon.
             The game lasted 00:11:22 (2633 turns).

Rrauwl the Skirmisher (Demonspawn Berserker)        Turns: 2633, Time: 00:11:23

Health: -1/56      AC:  3    Str: 19    XL:     7   Next: 30%
Magic:  7/7        EV: 16    Int: 11    God:    Trog [***...]
Gold:   173        SH:  0    Dex: 12    Spells: 6/6 levels left

rFire    . . .     SeeInvis .   n - +3 whip (venom)
rCold    . . .     Gourm    .   (no shield)
rNeg     . . .     Faith    .   b - +0 animal skin
rPois    +         Spirit   .   (no helmet)
rElec    .         Reflect  .   (no cloak)
rCorr    .         Harm     .   (no gloves)
MR       .....                  l - +0 pair of boots
Stlth    +.........             p - amulet of magic regeneration
Regen    0.2/turn               g - ring of poison resistance
MPRegen  0.2/turn               j - +2 ring of intelligence

@: no status effects
A: claws 1, repulsion field 2, rot immunity
a: Berserk, Trog's Hand, Burn Spellbooks, Renounce Religion


You were on level 4 of the Dungeon.
You worshipped Trog.
Trog was most pleased with you.
You were not hungry.

You visited 1 branch of the dungeon, and saw 4 of its levels.

You collected 173 gold pieces.

Inventory:

Hand Weapons
 n - a +3 whip of venom (weapon)
Armour
 b - a +0 animal skin (worn)
 l - a +0 pair of boots (worn)
Jewellery
 g - a ring of poison resistance (left claw)
 j - a +2 ring of intelligence (right claw)
 p - an amulet of magic regeneration (around neck)
Wands
 a - a wand of flame (11/48)
Scrolls
 d - a scroll of identify
 e - 3 scrolls of remove curse
 k - a scroll of enchant weapon
 m - a scroll of blinking
 q - a scroll of teleportation
Potions
 f - a potion of flight
Comestibles
 c - 3 bread rations
 h - 2 royal jellies
 i - a chunk of flesh


   Skills:
 + Level 5.2 Fighting
 + Level 4.3 Maces & Flails
 + Level 3.8 Armour
 + Level 4.0 Dodging


You had 6 spell levels left.
You didn't know any spells.

Dungeon Overview and Level Annotations

Branches:
Dungeon (4/15)
 Temple: D:4-7

Altars:
Elyvilon
Sif Muna

Annotations:
D:4 1 runed door, Pikel


Innate Abilities, Weirdness & Mutations

You have sharp fingernails.
You are surrounded by a moderate repulsion field. (EV +3)
You are immune to rotting.


Message History

Pikel hits you with a whip of flaming! Pikel burns you. The slave hits you.
You barely miss the slave.
The slave is lightly wounded.
Pikel barely misses you. The slave hits you. The slave hits you.
You hit the slave.
The slave looks as sick as possible!
The slave is moderately wounded.
Pikel hits you with a whip of flaming!
* * * LOW HITPOINT WARNING * * *
Pikel burns you.
* * * LOW HITPOINT WARNING * * *
The slave hits you.
* * * LOW HITPOINT WARNING * * *
Okay, then.
You hit Pikel but do no damage.
Pikel is heavily wounded.
Pikel hits you with a whip of flaming.
* * * LOW HITPOINT WARNING * * *
Pikel burns you.
You die...

#... #(###..# #.# # #..
#>##..## #.# # #..###...# #.#
# #.......# #.# # #######.#
#.# # ######.### #.#
#........# #.##########
#.####.####.#.# #...........
#.......[.[.#@# #...########
#......####.#K#####....##
#............p..[.......######
#.........(...................
#.....#####...(.>...#.########
###.## #.....##.##.# #.
##...###.##.#### #. #####
#.##.##.. #.##.##.#


You could see Pikel and a slave.

Vanquished Creatures
  Grinder (D:4)
  Sigmund (D:4)
  3 slaves (D:4)
  A howler monkey (D:4)
  A bullfrog skeleton (D:4)
  An orc wizard (D:4)
  A centaur skeleton (D:4)
  An iguana (D:4)
  2 worker ants (D:4)
  4 adders
  An ooze (D:3)
  A worm (D:2)
  2 dart slugs
  3 leopard geckos
  6 orcs
  2 ball pythons
  7 bats
  2 giant cockroaches
  3 goblins (D:1)
  3 hobgoblins
  9 jackals
  A quokka (D:3)
  5 frilled lizards
  5 kobolds
  5 rats
71 creatures vanquished.

Vanquished Creatures (others)
  4 toadstools (D:1)
4 creatures vanquished.

Grand Total: 75 creatures vanquished

Notes
Turn   | Place    | Note
-------+----------+-------------------------------------------
     0 | D:1      | Rrauwl the Demonspawn Berserker began the quest for the Orb.
     0 | D:1      | Reached XP level 1. HP: 18/18 MP: 1/1
   130 | D:1      | Gained mutation: You are surrounded by a mild repulsion field. (EV +2) [demonic ancestry]
   130 | D:1      | Reached XP level 2. HP: 13/24 MP: 2/2
   758 | D:2      | Reached XP level 3. HP: 19/29 MP: 3/3
  1128 | D:2      | Found a deep blue altar of Sif Muna.
  1379 | D:3      | Reached ** piety under Trog
  1388 | D:3      | Found a white marble altar of Elyvilon.
  1452 | D:3      | Reached XP level 4. HP: 34/37 MP: 4/4
  1621 | D:3      | Found a deep blue altar of Sif Muna.
  1723 | D:4      | Reached skill level 4 in Fighting
  1827 | D:4      | Gained mutation: You have sharp fingernails. [demonic ancestry]
  1827 | D:4      | Reached XP level 5. HP: 26/42 MP: 5/5
  2204 | D:4      | Noticed Sigmund
  2220 | D:4      | Killed Sigmund
  2220 | D:4      | Reached *** piety under Trog
  2220 | D:4      | Gained mutation: You are immune to rotting. [demonic ancestry]
  2220 | D:4      | Reached XP level 6. HP: 33/49 MP: 6/6
  2235 | D:4      | Noticed Grinder
  2268 | D:4      | Killed Grinder
  2268 | D:4      | Reached skill level 5 in Fighting
  2268 | D:4      | Gained mutation: You are surrounded by a moderate repulsion field. (EV +3) [demonic ancestry]
  2268 | D:4      | Reached XP level 7. HP: 24/56 MP: 7/7
  2434 | D:4      | Found a white marble altar of Elyvilon.
  2435 | D:4      | Found a runed door.
  2435 | D:4      | Noticed an angel
  2563 | D:4      | Noticed Pikel
  2633 | D:4      | HP: 1/56 [Pikel/whip of flaming (4)]
  2633 | D:4      | Slain by Pikel

Vault maps used:
D:1:      ldierk_water_garden
D:2:      old_standard_altar, first_bread
D:3:      nicolae_overflow_crystal_walls, led_sif_pool
D:4:      lemuel_coloured_pillars_altar, lemuel_angel_altar, uniq_sigmund,
          uniq_grinder, uniq_pikel

Skill      XL: |  1  2  3  4  5  6 |
---------------+-------------------+-----
Dodging        | 2 3 4 |  4.0
Armour         | 2 3 |  3.8
Maces & Flails | 3 4 |  4.3
Fighting       | 4 5 |  5.2

Action                   |  1- 3 |  4- 6 |  7- 9 || total
-------------------------+-------+-------+-------++-------
Melee: Mace              |   134 |    37 |       ||   171
       Whip              |       |    70 |    46 ||   116
Invok: Burn Spellbooks   |       |     3 |       ||     3
       Berserk           |       |     2 |       ||     2
       Trog's Hand       |       |     3 |       ||     3
  Use: Scroll            |     6 |     1 |       ||     7
       Potion            |     3 |     1 |       ||     4
 Stab: Sleeping          |     1 |       |       ||     1
  Eat: Chunk             |     2 |     5 |       ||     7
       Royal jelly       |       |       |     1 ||     1
Armor: Animal skin       |    30 |    14 |     4 ||    48
Dodge: Dodged            |   117 |    62 |    26 ||   205
